 Dungeon Crawl Stone Soup version 0.15-a0-1403-g2cecdf4 (webtiles) character file.

329 PolkaDot the Ruinous (level 6, -5/41 HPs)
             Began as a Vampire Conjurer on June 11, 2014.
             Slain by Ijyb
             ... wielding a +0,+0 trident
              (6 damage)
             ... on Level 4 of the Dungeon.
             The game lasted 00:12:39 (3726 turns).

PolkaDot the Ruinous (Vampire Conjurer)             Turns: 3726, Time: 00:12:39

HP  -5/41        AC  4     Str  7      XL: 6   Next: 25%
MP   2/15        EV 12     Int 19      God:
Gold 156         SH  0     Dex 14      Spells:  3 memorised,  6 levels left

rFire  x . .     SeeInvis +     e - staff of poison
rCold  + . .     Clarity  .     a - +0 robe
rNeg   . . .     rCorr    .     (no shield)
rPois  +         rRot     .     (no helmet)
rElec  .         Spirit   .     (no cloak)
SustAb .         Warding  .     o - +0 pair of gloves
rMut   .         Stasis   .     m - +0 pair of boots
Gourm  .                        (no amulet)
MR     +....                    f - ring of ice
                                k - ring of protection from magic

@: regenerating quickly, somewhat resistant to hostile enchantments, unstealthy
A: bottle blood, fangs 3, see invisible, poison resistance, unbreathing
a: Bottle Blood


You were on level 4 of the Dungeon.
You were full.

You visited 1 branch of the dungeon, and saw 4 of its levels.

You collected 156 gold pieces.

Inventory:

Armour
 a - a +0 robe (worn)
 m - a +0 pair of boots (worn)
 o - a +0 pair of gloves (worn)
Scrolls
 b - 2 scrolls of immolation {unknown}
 d - 3 scrolls of remove curse {unknown}
 i - 3 scrolls of amnesia {unknown}
 j - a scroll of teleportation {unknown}
 l - 3 scrolls of identify
 n - a scroll of enchant weapon I {unknown}
 q - a scroll of magic mapping {unknown}
 r - a scroll of enchant weapon II {unknown}
 s - a scroll of random uselessness {unknown}
Jewellery
 f - a ring of ice (right hand)
 k - a ring of protection from magic (left hand)
Potions
 h - a potion of restore abilities
 t - a potion of flight
Books
 c - a book of Conjurations

   Spells                             Type                      Level
   *Magic Dart                        Conjuration                  1
   *Searing Ray                       Conjuration                  2
   Dazzling Spray                     Conjuration/Hexes            3
   *Fulminant Prism                   Conjuration/Hexes            4
   Iskenderun's Mystic Blast          Conjuration                  4
   Iskenderun's Battlesphere          Conjuration/Charms           5
Magical staves
 e - an uncursed staff of poison (weapon)


   Skills:
 - Level 2.1 Dodging
 - Level 3.0 Stealth
 * Level 4.3 Spellcasting
 + Level 4.6 Conjurations


You had 6 spell levels left.
You knew the following spells:

 Your Spells              Type           Power        Failure   Level  Hunger
a - Magic Dart            Conj           ###.         1%          1    None
f - Fulminant Prism       Conj/Hex       ##........   63%         4    ####...
s - Searing Ray           Conj           ###...       3%          2    #......


Dungeon Overview and Level Annotations

Branches:
Dungeon (4/15)
 Temple: D:4-7

Altars:

Annotations:
D:4 Ijyb


Innate Abilities, Weirdness & Mutations

Your natural rate of healing is unusually fast.
You can bottle blood from corpses.
You have razor-sharp teeth.*
You have supernaturally acute eyesight.
You can survive without breathing.*
Your system is resistant to poisons.*


Message History

The worker ant waves its antennae.
You see here 29 stones.
The worker ant bites you.
* * * LOW HITPOINT WARNING * * *
Ijyb screams, "Get away!"
Casting: Searing Ray
Confirm with . or Enter, or press ? or * to list all spells.
Aiming: Searing Ray
Press: ? - help, Shift-Dir - straight line, f - worker ant
Aim: a worker ant The searing ray hits the worker ant.
The worker ant is lightly wounded.
* * * LOW MAGIC WARNING * * *
The worker ant bites you.
* * * LOW HITPOINT WARNING * * *
The searing ray hits the worker ant.
The worker ant is moderately wounded.
* * * LOW MAGIC WARNING * * *
The worker ant barely misses you. Ijyb hits you from afar with a trident.
You die...

#.# #.# .# . #.# #o# .# .# .
#># #.# .# .# #. #.# #.#
###.####.# #. #.#
#.####...#.... #. #.#
#o..g....#...# .. ##.##
######...#...#### ..
#...###########(.....%..# ..
###..##....@ag...........#
..####..........#####.......<.#
..%)o.........#.#####.....#####
######.##.##.###.##.......#
####.##.#..# ##.#.#.##..#
.........#.# ##..#.###.#
####.##.#..# ##...#.# #...
#.##.##)###.#..#.# ....P
#.##.###.#.##..#.# ....P


You could see Ijyb and a worker ant.

Vanquished Creatures
  Sigmund (D:4)
  A hound (D:4)
  2 orc priests
  An orc wizard (D:3)
  Jessica (D:3)
  5 adders
  A worm (D:3)
  4 giant geckos
  2 oozes (D:1)
  7 orcs
  A ball python (D:2)
  4 giant cockroaches
  7 goblins
  7 hobgoblins
  3 jackals (D:2)
  3 quokkas
  10 bats
  3 giant newts
  5 kobolds
  7 rats
75 creatures vanquished.

Notes
Turn   | Place    | Note
--------------------------------------------------------------
     0 | D:1      | PolkaDot, the Vampire Conjurer, began the quest for the Orb.
     0 | D:1      | Reached XP level 1. HP: 13/13 MP: 3/3
   237 | D:1      | Reached XP level 2. HP: 16/19 MP: 0/4
   259 | D:1      | Learned a level 2 spell: Searing Ray
  1343 | D:2      | Reached XP level 3. HP: 22/24 MP: 1/6
  1916 | D:2      | Reached skill level 4 in Conjurations
  2088 | D:3      | Reached XP level 4. HP: 30/30 MP: 4/8
  2253 | D:3      | Learned a level 4 spell: Fulminant Prism
  2364 | D:3      | Reached XP level 5. HP: 33/35 MP: 4/11
  2492 | D:3      | Gained mutation: Your system is resistant to poisons. [potion of beneficial mutation]
  2496 | D:3      | Noticed Jessica
  2502 | D:3      | Killed Jessica
  3549 | D:4      | Noticed Sigmund
  3557 | D:4      | Killed Sigmund
  3557 | D:4      | Reached XP level 6. HP: 31/41 MP: 4/15
  3661 | D:4      | Noticed Ijyb
  3725 | D:4      | HP: 1/41 [worker ant (5)]
  3726 | D:4      | Slain by Ijyb

Action                   |  1- 3 |  4- 6 || total
-------------------------+-------+-------++-------
Melee: Unarmed           |    15 |     2 ||    17
       Dagger            |       |    16 ||    16
       Staff             |       |   178 ||   178
 Cast: Magic Dart        |    91 |    15 ||   106
       Searing Ray       |     3 |    15 ||    18
  Use: Potion            |     1 |     8 ||     9
       Scroll            |       |     4 ||     4
 Stab: Sleeping          |       |     1 ||     1
